 Dungeon Crawl Stone Soup version 0.31.0-9-g3a7656b989 (webtiles) character file.

Game seed: 15882971797298353042

80 qw the Shooter (level 4, -5/22 HPs)
             Began as a Spriggan Hunter on Feb 2, 2024.
             Slain by a kobold
             ... wielding a +1 whip of electrocution
              (15 damage)
             ... on level 3 of the Dungeon.
             The game lasted 00:00:04 (1317 turns).

qw the Shooter (Spriggan Hunter)                    Turns: 1317, Time: 00:00:04

Health: -5/22      AC:  2    Str:  7    XL:     4   Next: 18%
Magic:  5/5        EV: 19    Int: 10    God:
Gold:   100        SH:  0    Dex: 20    Spells: 3/3 levels left

rFire   . . .        a - +0 shortbow
rCold   . . .        (shield currently unavailable)
rNeg    . . .        c - +0 robe
rPois   .            (helmet restricted)
rElec   .            (no cloak)
rCorr   .            (gloves unavailable)
SInv    +            (boots unavailable)
Will    .....        b - amulet of the acrobat
Stlth   ++           (no ring)
HPRegen 0.23/turn    (no ring)
MPRegen 0.09/turn

%: acrobat
@: very quick
A: very small, no large weapons, unfitting armour, see invisible, speed 3
a: no special abilities


You were on level 3 of the Dungeon.
You visited 1 branch of the dungeon, and saw 3 of its levels.

You collected 142 gold pieces.
You spent 42 gold pieces at shops.


Innate Abilities, Weirdness & Mutations

You are very small and have problems with some larger weapons.
You are too small for most types of armour.
You have supernaturally acute eyesight. (SInv)
You cover ground extremely quickly. (Speed+++)


   Skills:
 - Level 1.5 Fighting
 - Level 5.2 Ranged Weapons
 + Level 4.0 Dodging
 - Level 1.5 Stealth


You had 3 spell levels left.
You didn't know any spells.
Your spell library was empty.

Inventory:

Hand Weapons
 a - a +0 shortbow (weapon)
Armour
 c - a +0 robe (worn)
Jewellery
 b - an amulet of the acrobat (around neck)
Scrolls
 g - 2 scrolls of teleportation
Potions
 d - 2 potions of heal wounds
 h - a potion of cancellation
 i - a potion of curing

Dungeon Overview and Level Annotations

Branches:
Dungeon (3/15)

Altars:

Shops:
D:1 !

Annotations:
D:3 1 runed translucent door, Crazy Yiuf


Message History

The endoplasm is lightly wounded.
You hear a shout! x4; You hear an angry hiss.
You shoot an arrow. The arrow hits the endoplasm.
You kill the endoplasm!
You hear a shout!
An orc comes into view. It is wielding a +0 dagger.
You shoot an arrow. The arrow hits the orc.
The orc is severely wounded.
A rat comes into view.
A kobold comes into view.
It is wielding a +1 whip of electrocution.
An orc wizard comes into view. It is wielding a +0 dagger.
You shoot an arrow. The kobold shouts!
The rat squeaks loudly.
The arrow hits the orc wizard!
The orc wizard is heavily wounded.
A ball python comes into view.
You shoot an arrow. The arrow hits the orc wizard.
The orc wizard is heavily wounded.
The orc wizard hits you with a +0 dagger.
You shoot an arrow. The arrow hits the orc wizard.
The orc wizard is severely wounded.
The orc wizard completely misses you.
An orc comes into view. It is wielding a +0 whip.
You shoot an arrow.
The arrow closely misses the orc wizard.
The arrow hits the orc!
You kill the orc!
The orc wizard closely misses you.
You shoot an arrow. The arrow hits the orc wizard!
You kill the orc wizard!
An orc comes into view. It is wielding a +0 club.
The kobold hits you with a +1 whip of electrocution.
The orc misses you.
Your Ranged Weapons skill increases to level 5!
You have reached level 4!
You shoot an arrow. The arrow completely misses the orc.
The kobold hits you with a +1 whip of electrocution.
You are electrocuted!
Ouch! That really hurt!
You die...

#.#.###
#.#...###########
#.###..........[.
#.# ########.####
#.# #.# #.# #.#
##. #.# #.##
...o.###.# #..##
.....rK@.# #...#
.)##..o..# ##..##
#..S..# #....#
#.....# 7PP..7
#####.# 7...77
#.. 77.77 ...
7.77 .... 77.7
7.77


You could see 2 orcs, a ball python, a kobold and a rat.

Vanquished Creatures
  An orc wizard (D:3)
  An adder (D:2)
  2 ribbon worms (D:2)
  5 orcs (D:3)
  3 ball pythons (D:1)
  2 bats
  4 endoplasms
  A goblin (D:2)
  4 hobgoblins
  2 quokkas (D:2)
  2 frilled lizards
  2 kobolds
  5 rats
34 creatures vanquished.

Notes
Turn   | Place    | Note
-------+----------+-------------------------------------------
     0 | D:1      | qw the Spriggan Hunter began the quest for the Orb.
     0 | D:1      | Reached XP level 1. HP: 10/10 MP: 2/2
     0 | D:1      | 0 ||| qw: Version: 0.3-a-155-g5e7d8dd
     0 | D:1      | 0 ||| qw: Game counter: 1676
     0 | D:1      | 0 ||| qw: Melee chars always use a shield: true
     0 | D:1      | 0 ||| qw: God list: Okawaru
     0 | D:1      | 0 ||| qw: Allow faded altars: false
     0 | D:1      | 0 ||| qw: Do Orc after clearing Dungeon:15 true
     0 | D:1      | 0 ||| qw: Do second Lair branch before Depths: true
     0 | D:1      | 0 ||| qw: Lair rune preference: random
     0 | D:1      | 0 ||| qw: Goals: Normal
     0 | D:1      | 0 ||| PLANNING D:1-11
    51 | D:1      | Reached skill level 3 in Dodging
   238 | D:1      | Reached XP level 2. HP: 14/14 MP: 3/3
   491 | D:1      | Found Lestraapp's Distillery.
   494 | D:1      | 494 ||| SHOPLISTING 2 potions of heal wounds (140 gold,
                  | have 67).
   494 | D:1      | 494 ||| SHOPLISTING 2 potions of mutation (224 gold, have
                  | 67).
   494 | D:1      | 494 ||| BUYING potion of curing (42 gold).
   494 | D:1      | Bought a potion of curing for 42 gold pieces
   494 | D:1      | 494 ||| SHOPLISTING potion of haste (140 gold, have 25).
   494 | D:1      | 494 ||| SHOPLISTING potion of mutation (112 gold, have 25).
   496 | D:1      | 496 ||| READING 4 scrolls labelled RYONOLU INGO.
   496 | D:1      | 496 ||| IDENTIFYING fuming brown potion
   497 | D:1      | 497 ||| READING 3 scrolls of identify.
   497 | D:1      | 497 ||| IDENTIFYING 2 lumpy sapphire potions
   498 | D:1      | 498 ||| READING 2 scrolls of identify.
   498 | D:1      | 498 ||| IDENTIFYING 2 puce potions
   499 | D:1      | 499 ||| READING scroll of identify.
   499 | D:1      | 499 ||| IDENTIFYING scroll labelled BEVEXA WYRA
   500 | D:1      | 500 ||| DROPPING scroll of butterflies.
   501 | D:1      | 501 ||| DROPPING 2 potions of attraction.
   502 | D:1      | 502 ||| DROPPING potion of brilliance.
   833 | D:2      | Identified the +6 hand axe "Jaepeles" {flame, rElec rC+
                  | rCorr Int+2}
   857 | D:2      | Reached XP level 3. HP: 18/18 MP: 4/4
  1003 | D:2      | 1003 ||| UPGRADING to amulet of the acrobat.
  1008 | D:2      | 1008 ||| READING scroll of identify.
  1008 | D:2      | 1008 ||| IDENTIFYING fuming pink potion
  1009 | D:2      | 1009 ||| READING 2 scrolls labelled LOSIAGE ZESE.
  1010 | D:2      | 1010 ||| DROPPING scroll of immolation.
  1268 | D:3      | Found a runed translucent door.
  1269 | D:3      | Noticed Crazy Yiuf
  1317 | D:3      | Reached skill level 5 in Ranged Weapons
  1317 | D:3      | Reached XP level 4. HP: 13/22 MP: 5/5
  1317 | D:3      | Slain by a kobold

Levels and vault maps discovered:
D:1:      lightli_arrival_statuegarden, layout_rooms, serial_shops,
          nicolae_shop_real_fake_doors
D:2:      layout_rooms, bh_walls_and_bars
D:3:      layout_basic, gammafunk_ghost_split,
          shapermc_ecumenical_altar_mp_highgroup, serial_shops,
          nicolae_shop_hallway_plus, uniq_crazy_yiuf_cottage

Skill      XL: |  1  2  3 |
---------------+----------+-----
Dodging        | 3 4 |  4.0
Ranged Weapons | 5 |  5.2
Fighting       | |  1.5
Stealth        | |  1.5

Action                     |  1- 3 |  4- 6 || total
---------------------------+-------+-------++-------
   Fire: Shortbow          |    80 |     1 ||    81
    Use: Scroll            |     6 |       ||     6
 Armour: Robe              |     7 |     1 ||     8
  Dodge: Dodged            |    20 |       ||    20

Table legend:
 A = Non-vault XP
 B = Vault XP
 C = Vault XP percentage of total XP
 D = Non-vault monster count
 E = Vault monster count
 F = Vault count percentage of total count
                 A         B        C        D         E       F
            +---------+---------+-------+---------+---------+-------
      Total |     115 |       0 |   0.0 |      34 |       0 |   0.0
            +---------+---------+-------+---------+---------+-------
        D:1 |      20 |       0 |   0.0 |      12 |       0 |   0.0
        D:2 |      37 |       0 |   0.0 |      12 |       0 |   0.0
        D:3 |      58 |       0 |   0.0 |      10 |       0 |   0.0
            +---------+---------+-------+---------+---------+-------
